 Dungeon Crawl Stone Soup version 0.18-a0-1017-gae0b928 (console) character file.

409 FIQ the Skirmisher (level 6, -1/52 HPs)
             Began as a Demonspawn Wanderer on Jan 7, 2016.
             Slain by a gnoll
             ... wielding a +0 halberd
              (7 damage)
             ... on level 4 of the Dungeon.
             The game lasted 00:11:28 (3404 turns).

FIQ the Skirmisher (Demonspawn Wanderer)            Turns: 3404, Time: 00:11:28

Health: -1/52      AC:  6    Str: 12    XL:     6   Next: 58%
Magic:  0/6        EV: 10    Int: 10    God:
Gold:   207        SH:  0    Dex: 18    Spells: 0 memorised, 5 levels left

rFire  . . .     SeeInvis .     a - +2 mace
rCold  . . .     Gourm    .     r - +1 ring mail
rNeg   . . .     Faith    .     (no shield)
rPois  .         Spirit   +     (helmet restricted)
rElec  .         Dismiss  .     (no cloak)
rCorr  .         Reflect  .     (no gloves)
SustAt .         Harm     .     (no boots)
MR     .....                    (no amulet)
Stlth  +.........               (no ring)
                                i - ring of invisibility

@: not resistant to hostile enchantments, very unstealthy
A: horns 1, demonic guardian 1, magic shield
a: Evoke Invisibility


You were on level 4 of the Dungeon.
You were not hungry.

You visited 1 branch of the dungeon, and saw 4 of its levels.

You collected 207 gold pieces.

Inventory:

Hand Weapons
 a - a +2 mace (weapon)
 e - a +0 dagger
Armour
 r - a +1 ring mail (worn)
Jewellery
 i - a ring of invisibility (left hand)
Wands
 t - a wand of digging (15/24)
Scrolls
 g - a scroll of identify
 h - 2 scrolls of teleportation
 p - a scroll of fog
 s - a scroll of recharging
 v - a scroll of noise
Potions
 j - 3 potions of poison
 k - a potion of resistance
 z - 3 potions of curing
Comestibles
 b - a beef jerky
 c - a slice of pizza
 f - 3 bread rations
 o - 2 fruits
 q - 2 meat rations
 u - 3 chunks of flesh


   Skills:
 + Level 6.2 Fighting
 + Level 3.6 Maces & Flails
 + Level 4.0 Armour
 - Level 1.7 Stealth


You had 5 spell levels left.
You didn't know any spells.

Dungeon Overview and Level Annotations

Branches:
Dungeon (4/15)
 Temple: D:4-7

Altars:
Pakellas


Innate Abilities, Weirdness & Mutations

You have a pair of small horns on your head.
A weak demonic guardian rushes to your aid.
When hurt, damage is shared between your health and your magic reserves.


Message History

You kill the gnoll!
The gnoll hits you from afar with a halberd!
The gnoll hits you with a halberd. The orc closely misses you.
You see here a halberd.
The gnoll barely misses you.
Things that are here:
a whip; a jackal corpse x2
You see here a scroll of enchant armour.
You closely miss the orc. You headbutt the orc.
The orc is almost dead.
The orc hits you but does no damage.
The gnoll hits you from afar with a halberd!
* * * LOW HITPOINT WARNING * * *
You are too injured to fight recklessly!
You are too injured to fight recklessly!
You closely miss the orc. Your headbutt misses the orc.
The orc is almost dead.
The orc hits you but does no damage.
The gnoll hits you from afar with a halberd!
You die...

.......####..........
....................
#...####..##..#.##
##..............##
#..........)..#.##
#.######..##..#.##
#.# #..##...... #.#
#..##..#.## #.#
#<.##..#.## #.#
#.......... #@#
##.##.....# #o#
#.....<... #g#
#.###..... #)# #
#..... ##)#######
#..... #.........
#..... #..#######
#..... #..# #.##..
#..# #. #.# #..# #...


You could see a gnoll and an orc.

Vanquished Creatures
  The ghost of Arkorax the Ruffian, an amateur TrMo of Cheibriados (D:4)
  An orc priest (D:3)
  Ijyb (D:3)
  A worker ant (D:4)
  2 gnolls (D:4)
  3 adders
  An ooze (D:3)
  3 worms
  5 giant geckos
  8 orcs (D:3)
  7 bats
  3 giant cockroaches
  17 goblins
  7 hobgoblins
  11 jackals
  7 kobolds
  A ball python (D:3)
  4 giant newts
  6 rats
89 creatures vanquished.

Vanquished Creatures (collateral kills)
  An orc wizard (D:3)
  An orc priest (D:3)
  2 orcs (D:3)
  A jackal (D:4)
5 creatures vanquished.

Grand Total: 94 creatures vanquished

Notes
Turn   | Place    | Note
--------------------------------------------------------------
     0 | D:1      | FIQ the Demonspawn Wanderer began the quest for the Orb.
     0 | D:1      | FIQ set off with: a +2 mace, a potion of lignification, a potion of curing, a +0 robe, a +0 dagger, a bread ration
     0 | D:1      | Reached XP level 1. HP: 21/21 MP: 1/1
   160 | D:1      | Gained mutation: A weak demonic guardian rushes to your aid. [demonic ancestry]
   160 | D:1      | Reached XP level 2. HP: 24/27 MP: 2/2
   920 | D:2      | Reached XP level 3. HP: 33/33 MP: 3/3
  1330 | D:2      | Found an oddly glowing altar of Pakellas.
  1618 | D:2      | Reached XP level 4. HP: 7/39 MP: 4/4
  2353 | D:3      | Gained mutation: You have a pair of small horns on your head. [demonic ancestry]
  2353 | D:3      | Reached XP level 5. HP: 19/46 MP: 5/5
  2768 | D:3      | Noticed Ijyb
  2779 | D:3      | Killed Ijyb
  3098 | D:4      | Noticed Arkorax's ghost (amateur TrMo)
  3099 | D:4      | Gained mutation: Your muscles are strong. (Str +2) [potion of beneficial mutation]
  3114 | D:4      | Killed Arkorax's ghost
  3114 | D:4      | Reached skill level 6 in Fighting
  3114 | D:4      | Gained mutation: When hurt, damage is shared between your health and your magic reserves. [demonic ancestry]
  3114 | D:4      | Reached XP level 6. HP: 13/52 MP: 6/6
  3367 | D:4      | Lost mutation: Your muscles are strong. (Str +2) [potion of cure mutation]
  3404 | D:4      | Slain by a gnoll

Vault maps used:
D:1:      dpeg_arrival_morbid_curiosity, minmay_misc_feat_chi
D:2:      johnstein_pakellas_dig, first_bread
D:3:      hangedman_decor_points, uniq_iyjb
D:4:      minitemple, uniq_duvessa

Action                   |  1- 3 |  4- 6 || total
-------------------------+-------+-------++-------
Melee: Mace              |   115 |   163 ||   278
  Use: Potion            |     2 |     6 ||     8
       Scroll            |       |    13 ||    13
 Stab: Sleeping          |     9 |     1 ||    10
       Distracted        |       |     1 ||     1
  Eat: Chunk             |     2 |     6 ||     8
